 Dungeon Crawl Stone Soup version 0.20-a0-640-g62ed22f (webtiles) character file.

3877 nikopol the Cleaver (level 10, -6/135 HPs)
             Began as a Minotaur Berserker on Feb 12, 2017.
             Was an Elder of Trog.
             Mangled by an eight-headed hydra (9 damage)
             ... on level 9 of the Dungeon.
             The game lasted 00:22:34 (8229 turns).

nikopol the Cleaver (Minotaur Berserker)            Turns: 8229, Time: 00:22:35

Health: -6/135     AC:  9    Str: 27    XL:     10   Next: 0%
Magic:  9/9        EV: 14    Int: 10    God:    Trog [****..]
Gold:   466        SH:  0    Dex: 13    Spells: 9/9 levels left

rFire    . . .     SeeInvis +   a - +2 war axe (chop)
rCold    . . .     Gourm    .   m - +0 scale mail
rNeg     . . .     Faith    .   (no shield)
rPois    .         Spirit   .   (helmet restricted)
rElec    .         Reflect  .   (no cloak)
rCorr    .         Harm     .   x - +0 pair of gloves
MR       .....                  (no boots)
Stlth    ..........             (no amulet)
Regen    0.4/turn               F - +6 ring of intelligence (curse)
MPRegen  0.2/turn               C - ring of see invisible

@: berserking, very quick
A: retaliatory headbutt, horns 2
a: Berserk, Trog's Hand, Brothers in Arms, Burn Spellbooks, Renounce Religion


You were on level 9 of the Dungeon.
You worshipped Trog.
Trog was greatly pleased with you.
You were hungry.

You visited 1 branch of the dungeon, and saw 9 of its levels.
You also visited: Bailey.

You collected 466 gold pieces.

Inventory:

Hand Weapons
 a - a +2 war axe of chopping (weapon)
 v - a +0 hand axe
 z - the +6 shortbow of Orufem {velocity, rC+}
   (You took it off a crimson imp on level 7 of the Dungeon)

   Any arrow fired from it inflicts extra damage.
   It protects you from cold.
Missiles
 g - 65 arrows (quivered)
Armour
 b - a +0 animal skin
 m - a +0 scale mail (worn)
 x - a +0 pair of gloves (worn)
Jewellery
 C - a ring of see invisible (left hand)
 F - a cursed +6 ring of intelligence (right hand)
 H - an uncursed amulet of faith {unknown}
Wands
 t - a wand of iceblast (6/15)
 B - a wand of enslavement (3/24)
 I - a wand of enslavement (15/24)
Scrolls
 d - 5 scrolls of identify
 e - a scroll of fear
 i - 2 scrolls of teleportation
 j - a scroll of immolation {unknown}
 k - 3 scrolls of amnesia {unknown}
 q - 4 scrolls of remove curse {unknown}
 r - 6 scrolls of enchant weapon {unknown}
 w - 2 scrolls of fog {unknown}
 y - a scroll of enchant armour {unknown}
Potions
 f - 2 potions of ambrosia
 h - a potion of invisibility {unknown}
 l - 3 potions of might {unknown}
 n - a potion of berserk rage {unknown}
 p - 2 potions of heal wounds {unknown}
 s - 3 potions of magic {unknown}
 u - a potion of brilliance {unknown}
 D - 2 potions of flight {unknown}
 E - a potion of curing {unknown}
Comestibles
 c - 8 bread rations
 o - a chunk of flesh
 A - 2 meat rations
 G - 2 royal jellies


   Skills:
 + Level 8.5 Fighting
 * Level 9.3 Axes
 * Level 4.4 Bows
 + Level 8.7 Armour
 + Level 7.8 Dodging


You had 9 spell levels left.
You didn't know any spells.

Dungeon Overview and Level Annotations

Branches:
Dungeon (9/15)             Temple (0/1) D:4
   Lair: D:8-11         Orc: D:9-12

Altars:

Shops:
D:6 %


Innate Abilities, Weirdness & Mutations

You reflexively headbutt those who attack you in melee.
You have a pair of horns on your head.


Message History

The seven-headed hydra bites you.
* * * LOW HITPOINT WARNING * * *
The seven-headed hydra closely misses you.
The seven-headed hydra bites you but does no damage. x3
The seven-headed hydra barely misses you. x2
You hack one of the seven-headed hydra's heads off!
The six-headed hydra grows two more!
You slice the eight-headed hydra!!
Your headbutt misses the eight-headed hydra.
The eight-headed hydra is severely wounded.
The eight-headed hydra bites you but does no damage.
The eight-headed hydra completely misses you.
The eight-headed hydra bites you!
* * * LOW HITPOINT WARNING * * *
The eight-headed hydra closely misses you. x2
The eight-headed hydra bites you!
* * * LOW HITPOINT WARNING * * *
The eight-headed hydra bites you!
* * * LOW HITPOINT WARNING * * *
The eight-headed hydra bites you!
You die...

######.#######.
#. #.# #.
#####.### #.
##.......## #
#(
##...####..## #
#(##.)### ##..#
# #.#..##
#####.# #
#.D.## #...#.#
# #.@## ##....#
# #..#
###..#### #..+
##..... ##.#
##...... #.#
#........ #..
#...#..... ##.
#####..... #
##......
#.......


You could see an eight-headed hydra.

Vanquished Creatures
  A two-headed ogre (D:9)
  An ugly thing (D:8)
  Prince Ribbit (D:5)
  An orc warrior (D:5)
  A sky beast (D:5)
  A black bear (D:6)
  2 ice beasts
  A hornet zombie (D:6)
  4 ogres
  A centaur (Bailey)
  A crocodile (D:8)
  A big kobold (D:8)
  A bullfrog (D:6)
  A wyvern skeleton (D:6)
  3 scorpions
  11 crimson imps
  2 hounds (D:8)
  2 bullfrog skeletons
  A jelly (D:6)
  An orc priest (D:6)
  3 orc wizards
  Ijyb (D:3)
  Terence (D:3)
  9 worker ants
  A killer bee zombie (D:7)
  A hound zombie (D:6)
  3 hound skeletons
  Robin (D:3)
  A gnoll (D:1)
  11 adders
  2 oozes
  A worm (D:6)
  2 dart slugs
  4 leopard geckos
  21 orcs
  9 giant cockroaches
  21 goblins
  9 hobgoblins
  10 jackals
  11 kobolds
  5 quokkas
  2 ball pythons
  6 bats
  2 frilled lizards
  2 leopard gecko zombies
  4 rats
181 creatures vanquished.

Notes
Turn   | Place    | Note
-------+----------+-------------------------------------------
     0 | D:1      | nikopol the Minotaur Berserker began the quest for the Orb.
     0 | D:1      | Reached XP level 1. HP: 19/19 MP: 0/0
   231 | D:1      | Reached XP level 2. HP: 27/27 MP: 1/1
   365 | D:1      | Reached skill level 4 in Axes
   486 | D:1      | Reached XP level 3. HP: 33/33 MP: 2/2
   941 | D:1      | Reached ** piety under Trog
  1545 | D:3      | Noticed Terence
  1553 | D:3      | Killed Terence
  1553 | D:3      | Reached XP level 4. HP: 40/40 MP: 3/3
  1583 | D:3      | Noticed Robin
  1589 | D:3      | Killed Robin
  1774 | D:3      | Found a faded altar of an unknown god.
  2000 | D:3      | Reached XP level 5. HP: 47/47 MP: 4/4
  2060 | D:3      | Noticed Ijyb
  2068 | D:3      | Killed Ijyb
  2071 | D:3      | Reached *** piety under Trog
  2321 | D:4      | Found a staircase to the Ecumenical Temple.
  2342 | D:4      | Reached skill level 5 in Axes
  2779 | D:4      | Reached XP level 6. HP: 53/53 MP: 5/5
  3224 | D:4      | Reached skill level 5 in Fighting
  3252 | D:4      | Reached skill level 5 in Armour
  3740 | D:5      | Entered Level 5 of the Dungeon
  3761 | D:5      | Reached XP level 7. HP: 61/61 MP: 6/6
  3973 | D:5      | Noticed Prince Ribbit
  3994 | D:5      | Killed Prince Ribbit
  3994 | D:5      | Reached skill level 6 in Axes
  3994 | D:5      | Reached skill level 5 in Dodging
  4484 | D:5      | Reached XP level 8. HP: 71/71 MP: 7/7
  5372 | D:6      | Reached skill level 7 in Axes
  5491 | D:6      | Found Yneroqech's Food Shop.
  5525 | D:6      | Reached **** piety under Trog
  5886 | D:7      | Received a gift from Trog
  6311 | D:7      | Reached XP level 9. HP: 74/79 MP: 8/8
  6321 | D:7      | Got an uncursed ebony shortbow {velocity}
  6322 | D:7      | Identified the +6 shortbow of Orufem {velocity, rC+} (You took it off a crimson imp on level 7 of the Dungeon)
  6573 | D:7      | Reached skill level 8 in Axes
  6842 | D:8      | Reached skill level 1 in Bows
  6858 | D:8      | Found a flagged portal.
  6969 | Bailey   | Entered a bailey
  6969 | Bailey   | Noticed TuxedoFelix's ghost (novice MiBe)
  7477 | D:8      | Received a gift from Trog
  7969 | D:9      | Noticed a two-headed ogre
  7969 | D:9      | Noticed a red ugly thing
  7978 | D:8      | Killed a red ugly thing
  8149 | D:9      | Killed a two-headed ogre
  8149 | D:9      | Reached skill level 9 in Axes
  8149 | D:9      | Reached XP level 10. HP: 90/90 MP: 9/9
  8222 | D:9      | Noticed a seven-headed hydra
  8229 | D:9      | HP: 3/135 [eight-headed hydra (12)]
  8229 | D:9      | Mangled by an eight-headed hydra

Vault maps used:
D:1:      lemuel_arrival_tunnels, serial_forest, infiniplex_forest_3_way,
          infiniplex_forest_lined_corner, infiniplex_forest_clump_double,
          infiniplex_forest_diagonal, infiniplex_forest_clump_long,
          infiniplex_forest_clump_curved, infiniplex_forest_join
D:2:      first_bread
D:3:      kennysheep_goblin_castle, chequers_ecumenical_altar_island,
          uniq_terence, uniq_robin
D:4:      minmay_temple_entry_glass
D:5:      minmay_misc_feat_tower, kennysheep_boxes, uniq_prince_ribbit1
D:6:      serial_shops, kennysheep_mini_moat
D:7:      minmay_nine_imps
D:8:      enter_bailey_8
D:9:      gammafunk_temple_overflow_claw
Bailey:   bailey_polearm_flooded_kennysheep, bailey

Skill      XL: |  1  2  3  4  5  6  7  8  9 |
---------------+----------------------------+-----
Axes           | 4 5 6 7 9 |  9.3
Armour         | 3 4 5 6 7 8 |  8.7
Fighting       | 4 5 6 7 8 |  8.5
Dodging        | 3 4 5 6 7 |  7.8
Bows           | 4 |  4.4

Action                   |  1- 3 |  4- 6 |  7- 9 | 10-12 || total
-------------------------+-------+-------+-------+-------++-------
Melee: Hand axe          |    78 |    64 |       |       ||   142
       Headbutt          |    14 |    19 |    37 |       ||    70
       War axe           |       |    44 |   155 |     1 ||   200
 Fire: Shortbow          |       |       |    33 |     4 ||    37
Invok: Berserk           |     1 |       |     6 |     1 ||     8
       Burn Spellbooks   |       |     1 |       |       ||     1
  Use: Scroll            |       |       |     3 |       ||     3
 Stab: Distracted        |     1 |       |       |       ||     1
  Eat: Chunk             |     2 |     8 |    17 |     2 ||    29
       Fruit             |       |       |     1 |       ||     1
Armor: Animal skin       |     3 |       |       |       ||     3
       Scale mail        |    26 |    39 |    48 |     6 ||   119
Dodge: Dodged            |    67 |   101 |    93 |     9 ||   270
